 Dungeon Crawl Stone Soup version 0.31-a0-851-g7ff8af7976 (console) character file.

Game seed: 321107982483120826

1700305 questionabletactics the Ogreish Barricade (level 27, 310/310 HPs)
             Began as an Ogre Gladiator on Oct 7, 2023.
             Was the Champion of Qazlal.
             Escaped with the Orb
             ... and 3 runes on Oct 8, 2023!
             The game lasted 03:16:32 (70547 turns).

questionabletactics the Ogreish Barricade (OgGl)   Turns: 70547, Time: 03:16:33

Health: 310/310    AC: 24    Str: 26      XL:     27
Magic:  35/35      EV: 26    Int: 17 (18) God:    Qazlal [******]
Gold:   7406       SH: 43    Dex: 28      Spells: 33/37 levels left

rFire   + + .        b - +9 demon trident (heavy)
rCold   + + +        P - +1 tower shield {AC+3}
rNeg    + . .        N - +3 ice dragon scales
rPois   +            T - -2 hat of the Alchemist {rElec rPois rF+ rC+ rN+ Will+ rMut rCorr}
rElec   +            g - +2 cloak {rCorr}
rCorr   +            (gloves unavailable)
SInv    .            (boots unavailable)
Will    +++..        F - amulet of the Tempest {Reflect Drain Int+4 Dex+2 SH+5}
Stlth   +            u - ring of the Queen {Fly rF++ Int+5}
HPRegen 1.51/turn    D - +6 ring of dexterity
MPRegen 0.24/turn

%: repel missiles, reflection, resist mutation
@: flying
A: large, unfitting armour, tough skin 1, camouflage 1, regeneration 1
0: Orb of Zot
}: 3/15 runes: serpentine, barnacled, silver
a: Renounce Religion, Upheaval, Elemental Force, Disaster Area


You escaped.
You worshipped Qazlal.
Qazlal was exalted by your worship.
You visited 11 branches of the dungeon, and saw 51 of its levels.
You also visited: Volcano and Wizlab.

You collected 8950 gold pieces.
You spent 1544 gold pieces at shops.

Inventory:

Hand Weapons
 a - a +6 demon trident of electrocution
 b - a +9 heavy demon trident (weapon)
Missiles
 d - 2 throwing nets
 j - 19 javelins (quivered)
 l - 87 large rocks
 M - 29 curare-tipped darts
Armour
 g - a +2 cloak of preservation (worn)
 N - +3 ice dragon scales (worn)
 P - a +1 tower shield of protection (worn)
 T - the -2 hat of the Alchemist (worn) {rElec rPois rF+ rC+ rN+ Will+ rMut rCorr}
   (You found it in a wizard's laboratory)

   rF+:       It protects you from fire.
   rC+:       It protects you from cold.
   rElec:     It insulates you from electricity.
   rPois:     It protects you from poison rN+: It protects you from negative
   energy.
   Will+:     It increases your willpower.
   rCorr:     It protects you from acid and corrosion.
   rMut:      It protects you from mutation.
Jewellery
 f - the ring of Zudutim {rElec rF+ SInv}
   (You found it on level 2 of the Crypt)

   [ring of protection from fire]

   rF+:       It protects you from fire.
   rElec:     It insulates you from electricity.
   SInv:      It lets you see invisible.
 m - the brooch of Shielding {Spirit SH+8}
   (You found it on level 3 of the Shoals)

   [amulet of guardian spirit]

   Spirit:    It causes incoming damage to be divided between your reserves of
   health and magic.
   SH+8:      It affects your SH (+8).
 u - the ring of the Queen (left hand) {Fly rF++ Int+5}
   (You bought it in a shop on level 2 of the Orcish Mines)

   [ring of flight]

   Int+5:     It affects your intelligence (+5).
   rF++:      It greatly protects you from fire.
   Fly:       It grants you flight.
 B - a +4 ring of protection
 C - the dreamshard necklace {Acrobat *Dream}
   (You found it on level 5 of the Vaults)

   [amulet of the acrobat]

   *Dream:    It absorbs a single lethal wound into itself, holding its wearer
   just short of death and releasing dream-creatures to guard them.
   Acrobat:   It increases your evasion while moving and waiting.
 D - a +6 ring of dexterity (right hand)
 F - the amulet of the Tempest (around neck) {Reflect Drain Int+4 Dex+2 SH+5}
   (You found it on level 7 of the Dungeon)

   [amulet of reflection]

   Reflect:   It reflects blocked missile attacks.
   Int+4:     It affects your intelligence (+4).
   Dex+2:     It affects your dexterity (+2).
   Drain:     It drains your maximum health when unequipped.
   SH+5:      It affects your SH (+5).
 S - a +4 ring of protection
 Z - the ring of Zosidof {rC+ Will+ Str+3 Slay+4}
   (You took it off a deep elf death mage on level 3 of the Elven Halls)

   [ring of slaying]

   Str+3:     It affects your strength (+3).
   Slay+4:    It affects your accuracy & damage with ranged weapons and melee
   (+4).
   rC+:       It protects you from cold.
   Will+:     It increases your willpower.
Wands
 c - a wand of mindburst (23)
 e - a wand of acid (19)
 p - a wand of flame (85)
 K - a wand of paralysis (67)
 U - a wand of polymorph (7)
 W - a wand of digging (1)
 X - a wand of roots (61)
Scrolls
 i - 4 scrolls of summoning
 k - 9 scrolls of teleportation
 n - 3 scrolls of fear
 o - 11 scrolls of vulnerability
 r - 2 scrolls of silence
 y - a scroll of revelation
 A - 4 scrolls of blinking
 L - 8 scrolls of poison
 V - a scroll of fog
Potions
 h - 24 potions of curing
 q - 28 potions of mutation
 s - 3 potions of invisibility
 v - 3 potions of magic
 z - 9 potions of lignification
 E - 5 potions of enlightenment
 G - 2 potions of haste
 H - a potion of resistance
 I - 2 potions of cancellation
 J - 21 potions of heal wounds
 O - 12 potions of ambrosia
 Q - 5 potions of might
Miscellaneous
 t - a sack of spiders
 w - a condenser vane
 x - a phial of floods
 Y - a lightning rod (4/4)


   Skills:
 + Level 24.3 Fighting
 - Level 14.0 Polearms
 - Level 6.6 Throwing
 - Level 16.0 Armour
 - Level 21.3 Dodging
 O Level 27 Shields
 - Level 5.5 Spellcasting
 - Level 6.1 Translocations
 - Level 16.8 Invocations
 - Level 8.6 Evocations


You had 33 spell levels left.
You knew the following spells:

 Your Spells              Type           Power      Damage    Failure   Level
a - Blink                 Tloc           50%        N/A       3%          2
b - Lesser Beckoning      Tloc           50%        N/A       3%          2

Your spell library contained the following spells:

 Spells                   Type           Power      Damage    Failure   Level
 Apportation              Tloc           50%        N/A       2%          1
 Gell's Gravitas          Tloc           25%        N/A       6%          3
 Teleport Other           Tloc           25%        N/A       6%          3
 Volatile Blastmotes      Fire/Tloc      30%        2d12      22%         3
 Manifold Assault         Tloc           25%        N/A       22%         4
 Passage of Golubria      Tloc           25%        N/A       22%         4
 Kiss of Death            Conj/Necr      16%        2d6       26%         1
 Magic Dart               Conj           16%        1d3       26%         1
 Sandblast                Erth           8%         2d5       26%         1
 Shock                    Conj/Air       16%        1d4       26%         1
 Sting                    Tmut/Pois      16%        1d3       26%         1
 Call Imp                 Summ           8%         N/A       38%         2
 Cigotuvi's Dreadful Rot  Necr/Pois/Air  8%         N/A       38%         2
 Ensorcelled Hibernation  Hex/Ice        8%         N/A       38%         2
 Jinxbite                 Hex            8%         N/A       38%         2
 Passwall                 Tmut/Erth      3%         N/A       38%         2
 Poisonous Vapours        Pois/Air       8%         N/A       38%         2
 Static Discharge         Conj/Air       8%         2-3/arc   38%         2
 Wereblood                Tmut           4%         N/A       38%         2
 Dimensional Bullseye     Hex/Tloc       7%         N/A       58%         4
 Iskenderun's Mystic Bla  Conj/Tloc      15%        2d5       58%         4
 Vhi's Electric Charge    Tloc/Air       30%        N/A       58%         4
 Confusing Touch          Hex            4%         N/A       63%         3
 Dazzling Flash           Conj/Hex       8%         N/A       63%         3
 Ignite Poison            Fire/Tmut/Pois 4%         N/A       63%         3
 Inner Flame              Hex/Fire       4%         N/A       63%         3
 Mephitic Cloud           Conj/Pois/Air  4%         N/A       63%         3
 Ozocubu's Armour         Ice            4%         N/A       63%         3
 Swiftness                Air            4%         N/A       63%         3
 Tukima's Dance           Hex            4%         N/A       63%         3
 Vampiric Draining        Necr           4%         2d6       63%         3
 Airstrike                Air            2%         2d(1-17)  95%         4
 Anguish                  Hex/Necr       2%         N/A       95%         4
 Animate Dead             Necr           4%         N/A       95%         4
 Cause Fear               Hex            2%         N/A       95%         4
 Dispel Undead            Necr           4%         3d7       95%         4
 Flame Wave               Conj/Fire      4%         2d5       95%         4
 Leda's Liquefaction      Hex/Erth       2%         N/A       95%         4
 Olgreb's Toxic Radiance  Pois           4%         N/A       95%         4
 Sticky Flame             Conj/Fire      4%         2d3       95%         4
 Summon Lightning Spire   Summ/Air       4%         N/A       95%         4
 Dispersal                Tloc           12%        N/A       97%         6
 Alistair's Intoxication  Tmut/Pois      2%         N/A       100%        5
 Arcjolt                  Conj/Air       2%         1d12      100%        5
 Fireball                 Conj/Fire      2%         3d4       100%        5
 Freezing Cloud           Conj/Ice/Air   2%         6-21      100%        5
 Irradiate                Conj/Tmut      2%         3d12      100%        5
 Lee's Rapid Deconstruct  Erth           2%         3d4*      100%        5
 Metabolic Englaciation   Hex/Ice        2%         N/A       100%        5
 Yara's Violent Unravell  Hex/Tmut       2%         3d3       100%        5
 Bombard                  Conj/Erth      2%         9d1       100%        6
 Conjure Ball Lightning   Conj/Air       2%         3x3d6     100%        6
 Plasma Beam              Fire/Air       2%         2x1d12    100%        6
 Simulacrum               Ice/Necr       2%         N/A       100%        6
 Starburst                Conj/Fire      2%         6d3       100%        6
 Enfeeble                 Hex            2%         N/A       100%        7
 Haunt                    Necr/Summ      2%         N/A       100%        7
 Malign Gateway           Summ/Tloc      7%         N/A       100%        7
 Ozocubu's Refrigeration  Ice            2%         4d7       100%        7
 Borgnjor's Revivificati  Necr           2%         N/A       100%        8
 Discord                  Hex            2%         N/A       100%        8
 Disjunction              Tloc           12%        N/A       100%        8
 Ignition                 Fire           2%         3d3       100%        8
 Infestation              Necr           2%         N/A       100%        8
 Maxwell's Capacitive Co  Air            2%         ∞         100%        8
 Chain Lightning          Conj/Air       2%         3d2       100%        9
 Death's Door             Necr           2%         N/A       100%        9
 Dragon's Call            Summ           2%         N/A       100%        9


Dungeon Overview and Level Annotations

Branches:
Dungeon (15/15)            Temple (1/1) D:7            Lair (5/5) D:11
 Shoals (4/4) Lair:3        Snake (4/4) Lair:3        Slime (0/5) Lair:5
    Orc (2/2) D:12            Elf (3/3) Orc:2        Vaults (5/5) D:14
  Crypt (3/3) Vaults:3       Tomb (0/3) Crypt:3      Depths (4/4) D:15
    Zot (5/5) Depths:4    Volcano (visited)          WizLab (visited)

Altars:
Ashenzari
Cheibriados
Dithmenos
Elyvilon
Fedhas
Gozag
Hepliaklqana
Kikubaaqudgha
Makhleb
Nemelex Xobeh
Okawaru
Qazlal
Ru
Sif Muna
Trog
Uskayaw
Vehumet
Wu Jian
Xom
Yredelemnul
Zin
The Shining One
Jiyva

Shops:
D:5 =   D:9 :   D:13 [   D:15 :   Orc:2 [==*   Elf:3 =*(!   Shoals:2 =
Shoals:3 [   Shoals:4 *   Snake:2 (=   Vaults:2 *   Vaults:4 ([   Vaults:5 (

Portals:
Hell: Depths:1 Depths:2 Depths:3 Depths:4
Abyss: Depths:1 Depths:3
Pandemonium: Depths:2
Ziggurat: Depths:3
Trove: Vaults:1 (give 20 potions of curing)

Annotations:
Snake:4 3 runed translucent doors, Vyac's ghost, journeyman SpEn
Elf:2 3 runed translucent doors
Vaults:4 2 transporters, exclusion: obsidian statue


Innate Abilities, Weirdness & Mutations

You are too large for most types of armour.
You have tough skin. (AC +1)
Your skin changes colour to match your surroundings (Stealth+).
Your natural rate of healing is unusually fast.


Message History

You destroy the profane servitor!
Qazlal accepts your kill. You block the Orb Guardian's attack.
Your life force feels restored.
You impale the Orb Guardian!!
The Orb Guardian is moderately wounded.
You block the sun demon's attack. You block the Orb Guardian's attack.
You impale the Orb Guardian!!
The Orb Guardian is severely wounded.
You block the sun demon's attack. The Orb Guardian completely misses you.
The sun demon completely misses you.
You puncture the Orb Guardian!
The Orb Guardian is severely wounded.
You block the Orb Guardian's attack. You block the sun demon's attack.
You block the Orb Guardian's attack.
You stick the Orb Guardian like a pincushion!!!
You kill the Orb Guardian!
Qazlal accepts your kill. You block the sun demon's attack.
You closely miss the sun demon. You block the sun demon's attack.
You impale the sun demon!!
The sun demon is heavily wounded.
You block the sun demon's attack.
You hit the sun demon but do no damage.
The sun demon is heavily wounded.
You block the sun demon's attack.
You puncture the sun demon!
The sun demon is almost dead.
You block the sun demon's attack.
You puncture the sun demon!
You kill the sun demon!
Qazlal accepts your kill.
You feel your intelligence returning.
Aiming: Dig
Press: ? - help, Shift-Dir - straight line, f - you Please select a direction to dig.
This square is covered in magical glow.
The rock shatters into small pieces.
There is a staircase leading out of the dungeon here.
You have escaped!

#.........#
#.........#...####.
......##### #.........#####
#. ......# #.......[.# #.
......### #.........# #.
........# ######.#### #.
........# #.# #. ####....###
########.############
........>.#
#....................
#####.#†#.#
###.@.###############
#.....#.#.# #.#.§..# #
.....##.#.# #.####.# #
.....##.#.# #......##### #
.....##.#.# #.##....#..#
#### .....##.#.#
#.##....#..# #...
.....##.#.###.......#..#
#...
[....##.#...#.......#..#####
#...
.....##.#.#.........#......#
#...


There were no monsters in sight!

Vanquished Creatures
  3 dread liches
  4 orbs of fire (Zot:5)
  11 ancient liches
  Josephina (Depths:3)
  Frederick (Vaults:2)
  5 Killer Klowns
  The ghost of Raxkuugy the Crack Shot, a master TeHu of Fedhas (Crypt:2)
  A curse toe (Crypt:3)
  2 caustic shrikes (Depths:3)
  9 golden dragons
  the Enchantress (Depths:1)
  2 bone dragons
  A profane servitor (D:1)
  An electric golem (Zot:5)
  15 tentacled monstrosities
  27 Orb Guardians
  A Hell Sentinel (Zot:5)
  2 shard shrike skeletons (Crypt:3)
  Zenata (Vaults:2)
  12 liches
  3 deep elf master archers (Elf:3)
  10 titans
  A deep elf blademaster (Elf:2)
  3 quicksilver dragons
  8 sphinxes
  Polyphemus (Shoals:3)
  10 ancient champions
  6 tengu reavers
  8 death cobs
  12 storm dragons
  6 shadow dragons
  Aizul (Vaults:1)
  Donald (Shoals:3)
  Kirke (D:12)
  5 revenants
  4 draconian monks
  14 fire giants
  7 nagarajas
  12 frost giants
  5 iron dragons
  9 draconian knights
  4 draconian scorchers
  20 vault wardens
  Louise (Snake:4)
  2 curse skulls
  6 deep elf sorcerers
  3 draconian shifters
  3 draconian stormcallers (Zot:5)
  3 deep elf elementalists (Elf:3)
  4 ghouls (Crypt:2)
  A juggernaut zombie (Crypt:3)
  7 draconian annihilators
  3 spriggan defenders
  34 very ugly things
  23 ironbound preservers
  3 war gargoyles
  A reaper (Depths:1)
  12 stone giants
  2 formless jellyfish
  7 ironbound thunderhulks
  4 orc warlords
  4 black draconians (Zot:5)
  5 deep elf demonologists
  5 deep elf annihilators
  12 green draconians
  Nessos (Lair:5)
  A vampire knight (Crypt:3)
  19 dire elephants
  13 purple draconians
  3 yellow draconians
  3 spark wasps
  A minotaur (shapeshifter) (Vaults:5)
  5 red draconians
  9 white draconians
  13 ettins
  4 eidola
  2 merfolk javelineers
  A crystal guardian (Vaults:4)
  3 mummy priests (Crypt:3)
  A green death (Depths:1)
  15 deep elf death magi
  5 entropy weavers
  5 fire dragons
  8 merfolk impalers
  8 deep elf high priests
  An entropy weaver (shapeshifter) (Vaults:5)
  19 yaktaur captains
  3 great orbs of eyes
  7 jiangshi
  A great orb of eyes (shapeshifter) (WizLab)
  2 rakshasas
  2 peacekeepers
  36 vault guards
  10 ice dragons
  2 quicksilver dragon skeletons
  7 spriggan air magi
  2 hydras
  4 merfolk avatars (Shoals:4)
  2 caustic shrike simulacra
  9 ironbound frosthearts
  A catoblepas (Shoals:3)
  A death knight (Crypt:3)
  An ogre mage (Vaults:5)
  13 anacondas
  20 dancing weapons
  9 deep troll earth magi
  5 deep troll shamans
  8 two-headed ogres
  14 centaur warriors
  2 jorogumos (shapeshifter)
  9 merfolk aquamancers
  A demonic crawler (Depths:1)
  8 boulder beetles
  7 naga warriors
  A quicksilver ooze zombie (Crypt:3)
  3 satyrs
  5 tengu warriors
  11 death yaks
  Urug (Orc:1)
  An orc high priest (Elf:1)
  12 naga sharpshooters
  9 deep elf knights
  2 storm dragon zombies
  10 vampire magi
  5 iron trolls
  5 soul eaters
  9 spriggan berserkers
  4 shock serpents
  5 sun demons
  A titan skeleton (Crypt:3)
  8 hell knights
  2 salamander mystics (Snake:4)
  An iron giant zombie (Crypt:1)
  6 skysharks
  An iron troll (shapeshifter) (Depths:1)
  A goliath frog (Depths:1)
  A spark wasp zombie (Depths:1)
  44 skeletal warriors
  4 glowing orange brains
  2 shadow wraiths
  A shadow demon (Depths:2)
  56 deep trolls
  19 sea snakes
  A bog body (Crypt:2)
  A flayed ghost (Depths:3)
  4 naga ritualists
  A shadow dragon zombie (Depths:1)
  6 wizards
  A steelbarb worm (shapeshifter) (WizLab)
  12 orc knights
  A storm dragon skeleton (Crypt:1)
  7 necromancers
  An obsidian statue (Zot:5)
  11 phantasmal warriors
  48 harpies
  A lindwurm (shapeshifter) (Vaults:5)
  2 harpies (shapeshifter)
  12 deep elf archers
  7 mana vipers
  19 ironbound convokers
  An orange crystal statue (Depths:1)
  A frost giant zombie (Depths:2)
  24 deep elf zephyrmancers
  9 lindwurms
  43 ugly things
  23 deep elf pyromancers
  7 cyclopes
  A stone giant zombie (Crypt:2)
  16 fauns
  19 manticores
  37 black mambas
  10 orc sorcerers
  2 wolf spiders
  13 salamanders
  14 moths of wrath
  An elephant (shapeshifter) (Vaults:5)
  A frost giant skeleton (Depths:2)
  A human skeleton (Vaults:1)
  13 elephants
  2 stone giant skeletons
  7 guardian serpents
  An elf zombie (Vaults:1)
  9 merfolk sirens
  An iron dragon skeleton (Crypt:3)
  7 water nymphs
  A rust devil (Depths:2)
  17 naga magi
  19 vault sentinels
  Maurice (D:12)
  4 cane toads (shapeshifter)
  Maggie (D:10)
  A titan simulacrum (Depths:3)
  An eye of devastation (shapeshifter) (WizLab)
  3 smoke demons (Depths:1)
  A centaur zombie (Crypt:3)
  A kobold demonologist (D:11)
  15 cane toads
  2 gargoyles
  2 human zombies
  A yellow draconian zombie (Crypt:3)
  A black draconian zombie (Crypt:3)
  A swamp worm zombie (Crypt:3)
  35 yaktaurs
  2 unseen horrors
  A rime drake (Lair:4)
  A hellion (Depths:1)
  A golden dragon simulacrum (Depths:2)
  3 ice devils (Depths:2)
  3 komodo dragons
  2 freezing wraiths
  A rime drake (shapeshifter) (WizLab)
  A bunyip simulacrum (Crypt:3)
  2 yaktaurs (shapeshifter)
  An unseen horror skeleton (Crypt:2)
  11 guardian mummies (Crypt:3)
  3 tengu conjurers
  A meliai (shapeshifter) (WizLab)
  A tengu simulacrum (Depths:3)
  12 trolls
  6 harpy zombies
  A hornet (shapeshifter) (WizLab)
  25 merfolk
  A queen bee (Lair:4)
  10 hornets
  A polar bear (shapeshifter) (WizLab)
  3 meliai
  A queen bee (shapeshifter) (D:15)
  4 wind drakes
  A tarantella (shapeshifter) (WizLab)
  7 small abominations
  5 blink frogs (Lair:1)
  2 raiju (shapeshifter) (WizLab)
  2 dream sheep (shapeshifter)
  A frost giant simulacrum (Depths:3)
  8 snapping turtles
  30 slime creatures
  A centaur simulacrum (Crypt:2)
  2 culicivoras (shapeshifter) (WizLab)
  An air elemental (Elf:3)
  A jumping spider (Vaults:4)
  10 wyverns
  An ettin skeleton (Depths:1)
  7 large abominations
  2 shadows
  23 water elementals
  A dire elephant simulacrum (Crypt:3)
  A yak (shapeshifter) (Depths:1)
  2 spriggan skeletons
  2 humans (shapeshifter) (WizLab)
  8 wraiths
  7 fire bats (Volcano)
  9 spriggans
  A vampire (D:10)
  A fire dragon skeleton (Crypt:3)
  2 ushabtiu (Crypt:3)
  5 hogs
  17 yaks
  A black mamba skeleton (Crypt:3)
  An ice dragon skeleton (Crypt:1)
  A golden eye (shapeshifter) (WizLab)
  Eustachio (D:5)
  4 basilisks
  4 fire elementals
  A chaos spawn (Depths:1)
  A steam dragon (D:10)
  2 redbacks (shapeshifter)
  2 basilisks (shapeshifter) (WizLab)
  Menkaure (D:4)
  10 redbacks
  An iron golem (WizLab)
  3 vampire mosquitoes (Depths:1)
  Edmund (D:5)
  6 wargs
  An acid dragon (D:13)
  A fire bat zombie (Crypt:1)
  29 nagas
  An entropy weaver zombie (Crypt:1)
  19 water moccasins
  An ogre zombie (Vaults:1)
  An acid dragon (shapeshifter) (WizLab)
  5 floating eyes
  A floating eye (shapeshifter) (Vaults:5)
  2 naga skeletons
  A deep troll simulacrum (Vaults:1)
  30 orc warriors
  Pargi (D:4)
  2 ice beasts
  A spriggan simulacrum (Depths:2)
  An ogre (shapeshifter) (WizLab)
  2 black bears
  A sky beast (D:7)
  A black bear (shapeshifter) (D:13)
  A manticore zombie (Shoals:3)
  9 ogres
  12 wolves
  15 centaurs
  A torpor snail zombie (Crypt:2)
  2 phantoms
  A swamp dragon skeleton (Crypt:1)
  A blink frog skeleton (Crypt:3)
  7 kobold brigands
  A fire crab zombie (Crypt:2)
  14 bullfrogs
  2 earth elementals
  A komodo dragon skeleton (Crypt:3)
  4 gnoll sergeants
  3 scorpions
  4 wights
  A cyclops skeleton (Crypt:3)
  A warg zombie (Crypt:1)
  30 killer bees
  A queen bee zombie (Crypt:2)
  An oklob sapling (D:7)
  A troll skeleton (Crypt:1)
  3 electric eels (Lair:3)
  A howler monkey (D:13)
  A wolf zombie (Crypt:3)
  7 lava snakes (Volcano)
  A bullfrog zombie (Crypt:2)
  A crimson imp (Depths:1)
  2 hounds
  5 jellies
  A bullfrog skeleton (Crypt:2)
  22 orc priests
  Ijyb (D:3)
  Terence (D:3)
  A hell rat (Depths:1)
  An iguana (D:6)
  50 orc wizards
  2 mummies (Crypt:3)
  Robin (D:3)
  A howler monkey skeleton (Crypt:1)
  20 gnolls
  5 adders
  3 shadow imps
  4 white imps (D:9)
  A worm (D:2)
  2 dart slugs
  106 orcs
  8 ball pythons
  6 bats
  A bat zombie (Shoals:3)
  2 endoplasms
  2 giant cockroaches
  14 goblins
  9 hobgoblins
  A hobgoblin (shapeshifter) (WizLab)
  2 jackals (D:2)
  19 kobolds
  2 quokkas (D:2)
  2 frilled lizards
  5 rats
  A river rat skeleton (Crypt:2)
2287 creatures vanquished.

Vanquished Creatures (collateral kills)
  A mutant beast (WizLab)
  A large abomination (WizLab)
2 creatures vanquished.

Vanquished Creatures (others)
  2 fire giants (Depths:2)
  A naga warrior (Snake:4)
  3 deep elf knights
  3 deep elf pyromancers
  A deep elf zephyrmancer (Elf:2)
  A harpy (Shoals:4)
  2 manticores
  A water elemental (Shoals:4)
  A naga (Snake:4)
  An orc wizard (Orc:1)
  A bat zombie (Shoals:3)
  A goblin (D:3)
18 creatures vanquished.

Grand Total: 2307 creatures vanquished

Notes
Turn   | Place    | Note
-------+----------+-------------------------------------------
     0 | D:1      | questionabletactics the Ogre Gladiator began the quest for
                  | the Orb.
     0 | D:1      | Reached XP level 1. HP: 22/22 MP: 1/1
   213 | D:1      | Reached XP level 2. HP: 29/31 MP: 2/2
  1335 | D:2      | Reached XP level 3. HP: 39/39 MP: 3/3
  1796 | D:3      | Noticed Terence
  2046 | D:3      | Reached XP level 4. HP: 49/49 MP: 4/4
  2088 | D:3      | Killed Terence
  2210 | D:3      | Reached skill level 5 in Fighting
  2231 | D:3      | Reached XP level 5. HP: 53/57 MP: 5/5
  2321 | D:3      | Noticed Ijyb
  2345 | D:3      | Killed Ijyb
  2397 | D:3      | Reached skill level 5 in Polearms
  2397 | D:3      | Reached XP level 6. HP: 67/67 MP: 6/6
  2424 | D:3      | Found a faded altar of an unknown god.
  2427 | D:3      | Noticed Robin
  2520 | D:3      | Killed Robin
  3066 | D:4      | Noticed Pargi
  3098 | D:4      | Killed Pargi
  3146 | D:4      | Noticed Menkaure
  3183 | D:4      | Killed Menkaure
  3184 | D:4      | Reached XP level 7. HP: 78/78 MP: 7/7
  3482 | D:4      | Found a white marble altar of Elyvilon.
  3735 | D:5      | Entered Level 5 of the Dungeon
  3878 | D:5      | Found a glowing golden altar of the Shining One.
  4002 | D:5      | Noticed Eustachio
  4225 | D:5      | Killed Eustachio
  4226 | D:5      | Reached XP level 8. HP: 81/88 MP: 8/8
  4325 | D:5      | Noticed Edmund
  4554 | D:5      | Found Jirucaqa's Jewellery Shoppe.
  4566 | D:5      | Killed Edmund
  4567 | D:5      | Reached skill level 1 in Evocations
  4675 | D:5      | Found a bloodstained altar of Trog.
  4754 | D:6      | Found a glowing silver altar of Zin.
  5265 | D:6      | Reached XP level 9. HP: 89/96 MP: 9/9
  5540 | D:7      | Found a staircase to the Ecumenical Temple.
  5586 | Temple   | Entered the Ecumenical Temple
  5609 | Temple   | Became a worshipper of Qazlal Stormbringer
  5646 | D:7      | Noticed a two-headed ogre
  5699 | D:7      | Found a sacrificial altar of Ru.
  5831 | D:7      | Killed a two-headed ogre
  5832 | D:7      | Reached skill level 5 in Dodging
  5864 | D:7      | Identified the amulet of the Tempest {Reflect Drain Int+4
                  | Dex+2 SH+5}
  6233 | D:7      | Identified the +2 short sword "Vaitit" {pain, Will+ Str+3
                  | Int+4}
  6477 | D:7      | Found an opulent altar of Gozag.
  6838 | D:2      | Reached * piety under Qazlal
  7303 | D:8      | Reached XP level 10. HP: 103/107 MP: 10/10
  7390 | D:8      | Found an ancient bone altar of Kikubaaqudgha.
  7653 | D:8      | Noticed a two-headed ogre
  7663 | D:8      | Killed a two-headed ogre
  7664 | D:8      | Reached skill level 10 in Fighting
  8054 | D:8      | Reached skill level 1 in Shields
  8348 | D:9      | Noticed a two-headed ogre
  8356 | D:9      | Killed a two-headed ogre
  8357 | D:9      | Reached skill level 3 in Shields
  8357 | D:9      | Reached skill level 5 in Invocations
  8430 | D:9      | Noticed a two-headed ogre
  8448 | D:9      | Killed a two-headed ogre
  8449 | D:9      | Reached skill level 4 in Shields
  8452 | D:9      | Reached ** piety under Qazlal
  8584 | D:9      | Found Kemyots's Book Shoppe.
  8624 | D:9      | Reached XP level 11. HP: 117/120 MP: 14/14
  8655 | D:9      | Reached skill level 5 in Shields
  8775 | D:9      | Found a shimmering blue altar of Sif Muna.
  8953 | D:9      | Found the +8 frozen axe "Frostbite" {freeze, freezing
                  | cloud, *Noise Fly rC+}
  9058 | D:10     | Entered Level 10 of the Dungeon
  9065 | D:10     | Noticed Maggie
  9090 | D:10     | Killed Maggie
  9223 | D:10     | Noticed a cyclops
  9236 | D:10     | Killed a cyclops
  9237 | D:10     | Reached skill level 1 in Armour
  9302 | D:10     | Noticed a two-headed ogre
  9315 | D:10     | Killed a two-headed ogre
  9316 | D:10     | Reached skill level 6 in Shields
  9936 | D:10     | Noticed a manticore
  9941 | D:10     | Noticed a cyclops
  9995 | D:10     | Killed a cyclops
 10011 | D:9      | Killed a manticore
 10012 | D:9      | Reached skill level 7 in Shields
 10073 | D:10     | Noticed a white ugly thing
 10130 | D:10     | Killed a white ugly thing
 10221 | D:10     | Got a glistering book
 10379 | D:11     | You fall into a shaft and drop 1 floor!
 10454 | D:11     | Found a staircase to the Lair.
 10454 | D:11     | Noticed a fire crab
 10455 | D:11     | a fire crab changed into a yak
 10582 | D:11     | Noticed a cyclops
 10584 | D:11     | Noticed a cyclops
 10607 | D:11     | Noticed a two-headed ogre
 10612 | D:11     | Noticed a death drake
 10615 | D:11     | Noticed a cyclops
 10644 | D:11     | Killed a cyclops
 10645 | D:11     | Reached skill level 8 in Shields
 10648 | D:11     | Killed a two-headed ogre
 10648 | D:11     | Reached *** piety under Qazlal
 10662 | D:11     | Killed a cyclops
 10663 | D:11     | Reached XP level 12. HP: 109/132 MP: 15/15
 10871 | D:11     | Reached skill level 5 in Throwing
 10871 | D:11     | Reached skill level 9 in Shields
 10984 | Lair:1   | Entered Level 1 of the Lair of Beasts
 11034 | Lair:1   | Found a dark tunnel.
 11040 | Volcano  | Entered a volcano
 11379 | Volcano  | Noticed a hell knight
 11382 | Volcano  | Noticed a centaur warrior
 11385 | Volcano  | Killed a centaur warrior
 11403 | Volcano  | Killed a hell knight
 11411 | Volcano  | Reached skill level 10 in Shields
 11420 | Volcano  | Found a radiant altar of Vehumet.
 11443 | Volcano  | Found a burning altar of Makhleb.
 11471 | Volcano  | Identified the +1 pair of boots "Dutin Tuus" {Str+6}
 11907 | Lair:1   | Reached **** piety under Qazlal
 12232 | Lair:2   | Noticed a boulder beetle
 12249 | Lair:2   | Killed a boulder beetle
 13041 | Lair:3   | Reached skill level 10 in Polearms
 13075 | Lair:3   | Found a staircase to the Snake Pit.
 13097 | Lair:3   | Reached XP level 13. HP: 140/140 MP: 18/18
 13522 | Lair:3   | Found a staircase to the Shoals.
 14551 | Lair:4   | Reached ***** piety under Qazlal
 15752 | Lair:5   | Entered Level 5 of the Lair of Beasts
 15797 | Lair:4   | Reached skill level 10 in Invocations
 15941 | Lair:4   | Reached skill level 11 in Shields
 16911 | Lair:4   | Reached XP level 14. HP: 119/153 MP: 21/21
 17254 | Lair:5   | Noticed Nessos
 17276 | Lair:5   | Killed Nessos
 17292 | Lair:5   | Reached skill level 5 in Armour
 17999 | Lair:5   | Found a staircase to the Slime Pits.
 17999 | Lair:5   | Found a viscous altar of Jiyva.
 19070 | D:11     | Reached ****** piety under Qazlal
 19118 | D:12     | Noticed Maurice
 19819 | D:12     | Found a staircase to the Orcish Mines.
 19878 | D:12     | Killed Maurice
 20187 | Orc:1    | Entered Level 1 of the Orcish Mines
 20487 | Orc:1    | Noticed Urug
 20605 | Orc:1    | Killed Urug
 20737 | Orc:1    | Reached XP level 15. HP: 140/163 MP: 22/22
 21038 | Orc:2    | Entered Level 2 of the Orcish Mines
 21654 | Orc:2    | Found a staircase to the Elven Halls.
 21693 | Orc:2    | Paralysed by an orc sorcerer for 2 turns
 21739 | Orc:2    | Found Ufuebb's Assorted Antiques.
 21739 | Orc:2    | Found Goohuve's Jewellery Boutique.
 21814 | Orc:2    | Bought an embroidered cloak for 255 gold pieces
 21978 | Orc:2    | Noticed an orc warlord
 22030 | Orc:2    | Killed an orc warlord
 22228 | Orc:2    | Found Vebb's Jewellery Emporium.
 22228 | Orc:2    | Found Missaum's Antique Armour Boutique.
 22593 | Orc:2    | Bought the ring of the Queen {Fly rF++ Int+5} for 577 gold
                  | pieces
 23076 | D:13     | Noticed Kirke
 23238 | D:12     | Killed Kirke
 23239 | D:12     | Reached skill level 10 in Dodging
 23341 | D:13     | Found Beminn's Antique Armour Boutique.
 23349 | D:13     | Bought a runed cloak for 270 gold pieces
 23826 | D:14     | Reached skill level 12 in Shields
 24317 | D:14     | Found a broken altar of Ashenzari.
 24415 | D:14     | Found a bloodstained altar of Trog.
 24466 | D:14     | Found a gate to the Vaults.
 24550 | D:15     | Entered Level 15 of the Dungeon
 24551 | D:15     | Found Irhygid's Book Shop.
 24745 | D:15     | Reached skill level 13 in Shields
 25257 | D:15     | Reached XP level 16. HP: 163/172 MP: 24/24
 25389 | D:15     | Found a staircase to the Depths.
 25740 | Snake:1  | Entered Level 1 of the Snake Pit
 26059 | Snake:1  | Reached skill level 14 in Shields
 27265 | Snake:2  | Noticed a nagaraja
 27297 | Snake:2  | Killed a nagaraja
 27656 | Snake:2  | Found Cicadd's Jewellery Boutique.
 27656 | Snake:2  | Found Fuduarra's Weapon Shop.
 28139 | Snake:3  | Noticed a nagaraja
 28152 | Snake:3  | Killed a nagaraja
 28372 | Snake:3  | Reached skill level 15 in Fighting
 28924 | Snake:4  | Entered Level 4 of the Snake Pit
 28986 | Snake:4  | Noticed Louise
 29026 | Snake:4  | Killed Louise
 29065 | Snake:4  | Reached XP level 17. HP: 160/184 MP: 25/25
 29894 | Snake:4  | Found a runed translucent gate.
 29895 | Snake:4  | Found a runed translucent gate.
 29895 | Snake:4  | Found a runed translucent gate.
 29895 | Snake:4  | Noticed Vyac's ghost (journeyman SpEn)
 30983 | Snake:4  | Got a serpentine rune of Zot
 31154 | Shoals:1 | Entered Level 1 of the Shoals
 31623 | Shoals:1 | Reached skill level 10 in Armour
 32311 | Shoals:2 | Found Efipesis's Jewellery Shop.
 32444 | Shoals:2 | Reached XP level 18. HP: 196/196 MP: 27/27
 33875 | Shoals:3 | Found the brooch of Shielding {Spirit SH+8}
 34569 | Shoals:3 | Noticed Donald
 34603 | Shoals:3 | Killed Donald
 34886 | Shoals:3 | Found Ashroar's Armour Boutique.
 35220 | Shoals:4 | Entered Level 4 of the Shoals
 35220 | Shoals:4 | Noticed Polyphemus
 35238 | Shoals:3 | Killed Polyphemus
 35425 | Shoals:3 | Reached skill level 5 in Evocations
 35504 | Shoals:4 | Reached skill level 15 in Shields
 36167 | Shoals:4 | Reached XP level 19. HP: 209/209 MP: 29/29
 36180 | Shoals:4 | Identified the +5 shortbow "Trog's Fury" {speed, rF+ Will+
                  | Int+4}
 36319 | Shoals:4 | Found Utorr's Overcharged Wands.
 36703 | Shoals:4 | Got a barnacled rune of Zot
 36864 | Shoals:4 | Identified the +7 glaive "Pybul" {elec, rC+}
 37675 | Elf:1    | Entered Level 1 of the Elven Halls
 37828 | Elf:1    | Reached skill level 16 in Shields
 38815 | Elf:1    | Got a whispering book
 39167 | Elf:2    | Learned a level 2 spell: Blink
 39182 | Elf:2    | Found a runed translucent gate.
 39182 | Elf:2    | Found a runed translucent gate.
 39188 | Elf:2    | Found a runed translucent gate.
 39270 | Elf:2    | Reached skill level 1 in Spellcasting
 39429 | Elf:2    | Reached skill level 1 in Translocations
 39760 | Elf:2    | Learned a level 2 spell: Lesser Beckoning
 39959 | Vaults:1 | Entered Level 1 of the Vaults
 40023 | Vaults:1 | Found a magical portal.
 40062 | WizLab   | Entered Cigotuvi's Fleshworks
 40373 | WizLab   | Paralysed by a floating eye for 4 turns
 40381 | WizLab   | Paralysed by a floating eye for 4 turns
 40416 | WizLab   | Paralysed by a floating eye for 2 turns
 40616 | WizLab   | Found the -2 hat of the Alchemist {rElec rPois rF+ rC+ rN+
                  | Will+ rMut rCorr}
 40994 | WizLab   | Reached skill level 5 in Spellcasting
 41062 | WizLab   | Got a strange book
 41109 | WizLab   | Reached XP level 20. HP: 201/219 MP: 30/30
 41213 | Vaults:1 | Identified the +8 quarterstaff of Zoin {flame, rC+}
 41363 | Vaults:1 | Noticed Aizul
 41378 | Vaults:1 | Killed Aizul
 41391 | Vaults:1 | Reached skill level 5 in Translocations
 42629 | Vaults:1 | Found a portal to a secret trove of treasure.
 42914 | Vaults:2 | Reached skill level 15 in Dodging
 43548 | Vaults:2 | Noticed Zenata
 43576 | Vaults:2 | Reached XP level 21. HP: 227/227 MP: 31/31
 43590 | Vaults:2 | Killed Zenata
 44203 | Vaults:2 | Noticed Frederick
 44217 | Vaults:2 | Killed Frederick
 44315 | Vaults:2 | Found Xiober's General Store.
 44375 | Vaults:2 | Bought a potion of heal wounds for 85 gold pieces
 44717 | Vaults:3 | Found a staircase to the Crypt.
 44976 | Vaults:3 | Reached skill level 15 in Invocations
 46360 | Vaults:3 | Identified the +1 quarterstaff "Buafoet" {spect, *Slow
                  | rPois Dex-4 Stlth+}
 46440 | Vaults:4 | Reached skill level 17 in Shields
 46677 | Vaults:4 | Found a transporter.
 46689 | Vaults:4 | Found a transporter.
 46783 | Vaults:4 | Found Fextuip's Armour Emporium.
 46810 | Vaults:4 | Reached XP level 22. HP: 216/236 MP: 34/34
 47226 | Vaults:4 | Reached skill level 18 in Shields
 47436 | Vaults:4 | Found Ummucyirch's Weapon Boutique.
 47953 | Depths:1 | Entered Level 1 of the Depths
 47953 | Depths:1 | Noticed the Enchantress
 47961 | Depths:1 | Killed the Enchantress
 48343 | Depths:1 | Found a one-way gate to the infinite horrors of the Abyss.
 49098 | Depths:1 | Found a runed translucent gate.
 49098 | Depths:1 | Found a runed translucent gate.
 49098 | Depths:1 | Found a runed translucent gate.
 49114 | Depths:1 | Found the +8 mithril axe "Arga" {speed, Will+}
 49339 | Depths:1 | Found a gateway to Hell.
 49524 | Depths:1 | Identified a scroll of acquirement
 49872 | Depths:1 | Acquired 930 gold pieces
 49998 | Depths:2 | You are sucked into a shaft and drop 1 floor!
 50328 | Depths:2 | Reached XP level 23. HP: 254/254 MP: 35/35
 50663 | Depths:2 | Noticed a golden dragon
 50674 | Depths:2 | Killed a golden dragon
 51383 | Depths:2 | Found a one-way gate leading to the halls of Pandemonium.
 51430 | Depths:3 | Identified the ring of the Bedazzling Enemy {Ice rN+ Str+4}
 51430 | Depths:3 | Noticed Josephina
 51732 | Depths:3 | Noticed a caustic shrike
 51747 | Depths:3 | Killed a caustic shrike
 51886 | Depths:3 | Killed Josephina
 52012 | Depths:3 | Noticed a golden dragon
 52028 | Depths:3 | Killed a golden dragon
 52314 | Depths:3 | Noticed a caustic shrike
 52324 | Depths:3 | Killed a caustic shrike
 52763 | Depths:3 | Found a one-way gateway to a ziggurat.
 52919 | Depths:3 | Identified the +5 flail "Bingo" {heavy, Will+ Int+3}
 53156 | Depths:4 | Entered Level 4 of the Depths
 53350 | Depths:4 | Noticed a golden dragon
 53376 | Depths:4 | Killed a golden dragon
 53565 | Depths:4 | Found a gate to the Realm of Zot.
 53752 | Depths:4 | Reached XP level 24. HP: 234/263 MP: 35/35
 53906 | Depths:4 | Reached skill level 15 in Armour
 54796 | Elf:3    | Entered Level 3 of the Elven Halls
 55001 | Elf:3    | Paralysed by an air elemental for 1 turns
 55006 | Elf:3    | Paralysed by an air elemental for 1 turns
 55015 | Elf:3    | Found Nacuamik's Distillery.
 55690 | Elf:3    | Identified the ring of the Stopping Gods {Wiz rElec rN+
                  | Str-2}
 55709 | Elf:3    | Identified the +4 morningstar "Qusyij" {heavy, Str+2 Dex+4}
 55848 | Elf:3    | Identified the ring of Zosidof {rC+ Will+ Str+3 Slay+4}
 56208 | Elf:3    | Found Pamiom's Weapon Shoppe.
 56210 | Elf:3    | Found Yqahom's Assorted Antiques.
 56213 | Elf:3    | Found Reotod's Jewellery Shoppe.
 56359 | Elf:3    | Bought a potion of heal wounds for 75 gold pieces
 56359 | Elf:3    | Bought a potion of heal wounds for 75 gold pieces
 56583 | Elf:3    | Got a quavering book
 56623 | Elf:3    | Got a vibrant book
 56938 | Crypt:1  | Entered Level 1 of the Crypt
 57266 | Crypt:1  | Found a basalt altar of Yredelemnul.
 57380 | Crypt:1  | Found a basalt altar of Yredelemnul.
 57520 | Crypt:2  | Paralysed by a Zot trap for 3 turns
 58230 | Crypt:2  | Reached skill level 19 in Shields
 58318 | Crypt:2  | Identified the +8 mace of Guegybb {vamp, rPois Str+2}
 58678 | Crypt:2  | Found a blossoming altar of Fedhas.
 58712 | Crypt:2  | Found a runed translucent gate.
 58712 | Crypt:2  | Noticed an ancient lich
 58712 | Crypt:2  | Noticed Raxkuugy's ghost (master TeHu)
 58713 | Crypt:2  | Found a runed translucent gate.
 58713 | Crypt:2  | Found an ancient bone altar of Kikubaaqudgha.
 58713 | Crypt:2  | Noticed a dread lich
 58715 | Crypt:2  | Found a runed translucent gate.
 58802 | Crypt:2  | Killed a dread lich
 58803 | Crypt:2  | Reached XP level 25. HP: 271/273 MP: 35/35
 58927 | Crypt:2  | Killed Raxkuugy's ghost
 59201 | Crypt:2  | Identified the +2 pair of boots of Broken Taboos {rC- Will-
                  | Dex+8 Stlth+}
 59204 | Crypt:2  | Identified the ring of Zudutim {rElec rF+ SInv}
 59287 | Crypt:2  | Killed an ancient lich
 59361 | Crypt:3  | Entered Level 3 of the Crypt
 59559 | Crypt:3  | Reached skill level 20 in Shields
 59988 | Crypt:3  | Found a staircase to the Tomb.
 60510 | Crypt:3  | Reached skill level 21 in Shields
 61208 | Crypt:3  | Found a basalt altar of Yredelemnul.
 61215 | Crypt:3  | Found an ancient bone altar of Kikubaaqudgha.
 61241 | Crypt:3  | Identified the +0 mace of Undoing {flame, rElec}
 61389 | Crypt:3  | Found a basalt altar of Yredelemnul.
 61461 | Crypt:3  | Found an ancient bone altar of Kikubaaqudgha.
 61692 | Vaults:5 | Entered Level 5 of the Vaults
 61946 | Vaults:4 | Reached skill level 22 in Shields
 62061 | Vaults:5 | Noticed a dread lich
 62065 | Vaults:5 | Killed a dread lich
 62339 | Vaults:5 | Identified the +0 battleaxe of the Lettuce {heavy, rPois
                  | Will+ SInv}
 62341 | Vaults:5 | Reached skill level 23 in Shields
 62341 | Vaults:5 | Reached XP level 26. HP: 282/282 MP: 35/35
 62426 | Vaults:5 | Reached XP level 27. HP: 253/291 MP: 35/35
 62775 | Vaults:5 | Noticed an ancient lich
 62788 | Vaults:5 | Noticed an ancient lich
 62794 | Vaults:5 | Killed an ancient lich
 62808 | Vaults:5 | Noticed a dread lich
 62875 | Vaults:5 | Identified the ring of Biemp {Wiz SInv}
 63070 | Vaults:5 | Killed an ancient lich
 63071 | Vaults:5 | Reached skill level 24 in Shields
 63244 | Vaults:5 | Killed a dread lich
 63363 | Vaults:5 | Identified the +5 quarterstaff "Hyjizer" {freeze, rN+ Will-
                  | Int+3 Dex+3}
 63363 | Vaults:5 | Identified the +6 shortbow of Dishonesty {elec, *Slow rF++
                  | Str+4}
 63386 | Vaults:5 | Noticed an ancient lich
 63397 | Vaults:5 | Killed an ancient lich
 63417 | Vaults:5 | Noticed an ancient lich
 63427 | Vaults:5 | Killed an ancient lich
 63439 | Vaults:5 | Found Fibaprup's Weapon Emporium.
 63587 | Vaults:5 | Identified the +2 robe of Nikh {rElec rN+ Will+}
 63989 | Vaults:5 | Identified the +10 sling of Conversion {antimagic, Fragile
                  | rElec rN+ rCorr}
 64136 | Vaults:5 | Found the dreamshard necklace {Acrobat *Dream}
 64437 | Vaults:5 | Acquired 749 gold pieces
 64440 | Vaults:5 | Got a silver rune of Zot
 64778 | Elf:3    | Bought a scroll of teleportation for 87 gold pieces
 64816 | Elf:3    | Bought a potion of cancellation for 120 gold pieces
 65096 | Zot:1    | Entered Level 1 of the Realm of Zot
 65764 | Zot:1    | Identified the orb of Qazlal's Displeasure {light, rElec
                  | MP+9}
 65795 | Zot:1    | Reached skill level 25 in Shields
 67030 | Zot:5    | Entered Level 5 of the Realm of Zot
 67883 | Zot:5    | Noticed an ancient lich
 67898 | Zot:5    | Killed an ancient lich
 68493 | Zot:5    | Reached skill level 26 in Shields
 69429 | Zot:5    | Noticed an ancient lich
 69449 | Zot:5    | Killed an ancient lich
 69469 | Zot:5    | Noticed an ancient lich
 69475 | Zot:5    | Killed an ancient lich
 69531 | Zot:5    | Noticed an orb of fire
 69532 | Zot:5    | Gained mutation: You occasionally shout uncontrollably at
                  | your foes. [an orb of fire]
 69538 | Zot:5    | Gained mutation: You are frail. (-10% HP) [an orb of fire]
 69541 | Zot:5    | Killed an orb of fire
 69593 | Zot:5    | Lost mutation: You occasionally shout uncontrollably at
                  | your foes. [potion of mutation]
 69593 | Zot:5    | Lost mutation: You are frail. (-10% HP) [potion of
                  | mutation]
 69593 | Zot:5    | Gained mutation: You are somewhat resistant to further
                  | mutation. [potion of mutation]
 69593 | Zot:5    | Lost mutation: You are somewhat resistant to further
                  | mutation. [potion of mutation]
 69614 | Zot:5    | Noticed an orb of fire
 69615 | Zot:5    | Gained mutation: Armour fits poorly on your strangely
                  | shaped body. [an orb of fire]
 69627 | Zot:5    | Killed an orb of fire
 69628 | Zot:5    | Reached skill level 27 in Shields
 69701 | Zot:5    | Lost mutation: Armour fits poorly on your strangely shaped
                  | body. [potion of mutation]
 69701 | Zot:5    | Gained mutation: Your natural rate of healing is unusually
                  | fast. [potion of mutation]
 69701 | Zot:5    | Gained mutation: Your skin changes colour to match your
                  | surroundings (Stealth+). [potion of mutation]
 69719 | Zot:5    | Noticed an ancient lich
 69728 | Zot:5    | Killed an ancient lich
 69828 | Zot:5    | Noticed an ancient lich
 69836 | Zot:5    | Killed an ancient lich
 69984 | Zot:5    | Noticed an orb of fire
 69993 | Zot:5    | Killed an orb of fire
 70000 | Zot:5    | Noticed an ancient lich
 70005 | Zot:5    | Killed an ancient lich
 70024 | Zot:5    | Got the Orb of Zot
 70031 | Zot:5    | Noticed an orb of fire
 70059 | Zot:5    | Killed an orb of fire
 70154 | Zot:1    | Noticed Ucsiecvu the pandemonium lord
 70165 | Depths:4 | Noticed Fiblioqick the pandemonium lord
 70217 | Depths:1 | Noticed Nujashrejodd the pandemonium lord
 70547 | D:$      | Escaped with the Orb!

Illustrated notes

Levels and vault maps discovered:
D:1:      amcnicky_arrival_single_pillar, layout_basic
D:2:      minmay_skewed_foursquare, layout_rooms, bh_walls_and_bars
D:3:      layout_loops_ring, chequers_ecumenical_altar_simple_redux, uniq_ijyb,
          uniq_robin, uniq_terence
D:4:      layout_gridville, nicolae_elyvilon_peaceful_grove, corner_web_ring,
          minmay_increasing_density, uniq_pargi, uniq_menkaure
D:5:      layout_cave_pools, mainiacjoe_overflow_concentric_impassable,
          old_standard_altar, serial_shops, shop, uniq_eustachio, uniq_edmund
D:6:      layout_loops_ring, nicolae_overflow_crystal_walls
D:7:      layout_loops_ring, grunt_gozag_breadcrumbs,
          nicolae_ru_sacrificial_ziggurat, minmay_temple_entry_oklob,
          minmay_tree_intersection, kennysheep_generic_room_6
D:8:      layout_loops_corners, mainiacjoe_overflow_alcove_4, chequers_avenue,
          mrwooster_statue_mirror
D:9:      layout_long_grid, amcnicky_altar_gilded, serial_shops, shop,
          hellmonk_guarded_unrand_frostbite
D:10:     cheibrodos_elevator_heist, layout_cave_pods, uniq_maggie
D:11:     layout_basic, minmay_lair_entry_lava, nicolae_doodle_vault
D:12:     layout_basic, kennysheep_orc_monster_closet_entryway, serial_glass,
          glass_columns_a, glass_columns_b, uniq_maurice
D:13:     layout_rooms, serial_shops, nicolae_shop_advertising_works
          [nicolae_subvault_shop_adworks], serial_bayou_pond_e, uniq_kirke
D:14:     layout_rooms, hellmonk_vaults_order_and_chaos,
          nicolae_elevator_lobby_plus, hangedman_feature_mirror,
          hangedman_abyss_or_decor_lesser_grid
D:15:     gammafunk_enter_depths_forms, layout_gridville, serial_shops,
          nicolae_shop_competitors_out_of_business, minmay_misc_feat_rugged,
          mumra_transporter_accident
Temple:   minmay_temple_curvy_branch
Lair:1:   layout_long_grid, nicolae_volcano_entry_two_sided
Lair:2:   layout_hall_layers, chequers_serial_rivers_micro_c
Lair:3:   layout_regular_city, minmay_shoals_entry_centaurs,
          minmay_snake_entry_guardpost_small, serial_bayou,
          serial_bayou_lagoon_a, serial_bayou_pond_c, serial_bayou_pond_e,
          serial_bayou_pond_c, minivault_24
Lair:4:   layout_long_grid, special_room [special_room_bee], lemuel_fruit_fields
Lair:5:   hangedman_lair_tendril_chambers, layout_long_grid,
          minmay_slime_entry_pillars, uniq_nessos
Shoals:1: layout_shoals, ldierk_geyser, nicolae_shoals_loop_pool
Shoals:2: cheibrodos_shoals_baths, layout_shoals, serial_shops, shop_statue
Shoals:3: layout_shoals, serial_shops, nicolae_shop_waterfront,
          nicolae_shoals_undead_eyrie, uniq_donald
Shoals:4: shoals_end_hangedman, layout_shoals, nicolae_shop_overcharged_wands,
          uniq_polyphemus
Snake:1:  layout_layer_cave
Snake:2:  layout_misc_corridors, minmay_shoptagon
Snake:3:  layout_gridlike
Snake:4:  grunt_snake_rune_pools, layout_onion, ebering_ghost_rock_garden,
          uniq_louise
Orc:1:    layout_caves, uniq_urug
Orc:2:    st_orc_town, layout_caves, nicolae_orc_flooded_monolith, mines1_david
Elf:1:    layout_loops_cross, minmay_elf_sorcery
Elf:2:    nicolae_elf_blades_splatter_lattice [mumra_blade_entry_dagger],
          layout_rooms
Elf:3:    minmay_elf_hall_quartered_circle, layout_rooms, serial_shops, shop,
          minmay_shop_star, grunt_megastairs_2
Vaults:1: infiniplex_enter_wizlab_water, nicolae_vaults_storage_closets_2,
          v_misc_23, grunt_vaults_diagonal, v_rooms_6, nicolae_vaults_house_1,
          st_more_cells, nicolae_vaults_network_s, v_pattern_5,
          hangedman_vaults_snaps, v_rooms_2, vaults_mumra_lcd, v_misc_8,
          layout_vaults_omnibox, enter_trove_3, uniq_aizul
Vaults:2: vaults_room_door_ring, nicolae_vaults_minivaults,
          hangedman_vaults_capsules, vaults_room_hallway,
          nicolae_vaults_cornered_office,
          vaults_standard_mumra_enter_the_diamond, nicolae_vaults_double_plus_1,
          nicolae_vaults_diamond_2, nicolae_vaults_specimen_jars,
          nicolae_vaults_sesquioval_fish, v_rooms_4, nicolae_vaults_house_1,
          v_pattern_1, nicolae_vaults_double_plus_1, layout_vaults_big_cross,
          serial_shops, nicolae_shop_trees, uniq_zenata, uniq_frederick
Vaults:3: nicolae_vaults_network_star, nicolae_vaults_asterisk,
          nicolae_vaults_diamond_2, nicolae_vaults_network_square,
          nicolae_vaults_what_the_h, st_hourglassy,
          nicolae_vaults_sesquioval_fish, minmay_crypt_entry_simple_statues,
          hangedman_vaults_nails, layout_vaults_ring
Vaults:4: nicolae_vaults_double_plus_1, nicolae_vaults_double_plus_2,
          dpeg_vaults_monster_box, gammafunk_sealed_arena,
          nicolae_vaults_offset_grid_hallway_4, v_misc_3,
          nicolae_vaults_little_ls, vaults_dpeg_encased_lava,
          nicolae_vaults_apartment_1, nicolae_vaults_two_Ls,
          layout_vaults_quadrants, serial_shops, nicolae_shop_mannequins
Vaults:5
Crypt:1:  layout_rooms, hangedman_feature_mirror
Crypt:2:  layout_gridlike, gammafunk_ghost_crypt, nicolae_crypt_fedhas_prevails,
          serial_sigils_hangedman_scratch
Crypt:3:  lightli_unholy_cathedral, layout_chaotic_city,
          tomb_entry_sphere_bobbens, hangedman_feature_mirror
Depths:1: layout_roguey, hellmouth_3, abyss_entry, nicolae_twisting_strands,
          minivault_15, pandoras_box_mu, serial_bayou_shore_b, uniq_enchantress
Depths:2: grunt_house_of_mirrors, layout_honeycomb, rand_demon_pan_entry_4,
          hell_entry, serial_sigils_hangedman_carve
Depths:3: minmay_octo_star, layout_gridlike, enter_ziggurat_e,
          minmay_misc_feat_tower, abyss_entry, hell_entry, uniq_josephina
Depths:4: grunt_zot_entry_bicorn, layout_gridlike, serial_curves,
          eino_curves_03, eino_curves_02, pf_hell_entry_tar_spiral,
          chequers_serial_rivers_small_b, solitary_fountain
Zot:1:    grunt_zot_stairs_faceoff, layout_onion, st_small_dragon_hoard_2
Zot:2:    kennysheep_six_static_rooms, layout_cellular_growth
Zot:3:    kennysheep_room_grid, layout_onion_interference, grunt_megastairs_4
Zot:4:    layout_concentric_octagons, drop_trap
Zot:5:    layout_concentric_octagons, grunt_ministairs_11

Skill      XL: |  1  2  3  4  5  6  7  8  9 10 11 12 13 14 15 16 17 18 19 20 21 22 23 24 25 26 27 |
---------------+----------------------------------------------------------------------------------+-----
Fighting       | 3 4 5 6 7 8 9 11 12 13 14 15 16 17 19 24 | 24.3
Polearms       | 4 5 7 8 9 10 12 14 | 14.0
Evocations     | 3 6 8 |  8.6
Dodging        | 3 6 8 11 13 15 16 17 18 19 21 | 21.3
Throwing       | 3 4 6 |  6.6
Invocations    | 5 7 10 11 12 13 16 | 16.8
Shields        | 4 8 10 11 13 14 15 16 17 18 19 23 27 | 27.0
Armour         | 4 7 10 11 12 14 16 | 16.0
Spellcasting   | 5 |  5.5
Translocations | 4 6 |  6.1

Action                     |  1- 3 |  4- 6 |  7- 9 | 10-12 | 13-15 | 16-18 | 19-21 | 22-24 | 25-27 || total
---------------------------+-------+-------+-------+-------+-------+-------+-------+-------+-------++-------
  Melee: Trident           |   152 |   139 |   314 |    83 |    63 |       |       |       |       ||   751
         Punch             |       |     2 |     2 |       |       |       |       |       |       ||     4
         Spear             |       |       |    43 |   764 |  1405 |       |       |       |       ||  2212
         Demon trident     |       |       |       |       |   675 |  1578 |  1716 |  1730 |  1908 ||  7607
  Throw: Dart              |       |     6 |     2 |    10 |    11 |     3 |     1 |       |       ||    33
         Boomerang         |       |     4 |    16 |     5 |     1 |       |       |       |       ||    26
         Throwing net      |       |     2 |       |       |       |       |       |       |       ||     2
         Large rock        |       |     1 |       |     7 |     6 |       |       |       |       ||    14
   Cast: Lesser Beckoning  |       |       |       |       |       |       |     2 |       |       ||     2
         Blink             |       |       |       |       |       |       |       |     3 |     6 ||     9
 Invoke: Upheaval          |       |       |       |       |     6 |     3 |     1 |    12 |     7 ||    29
         Disaster Area     |       |       |       |       |       |       |       |       |     1 ||     1
  Evoke: Wand              |       |       |    10 |     8 |     7 |     3 |     7 |     3 |    10 ||    48
         Phial of floods   |       |       |       |       |       |     1 |     2 |       |       ||     3
         Sack of spiders   |       |       |       |       |       |       |     1 |     1 |       ||     2
         Lightning rod     |       |       |       |       |       |       |       |     4 |     4 ||     8
    Use: Scroll            |     4 |     3 |     6 |    14 |    10 |    11 |     5 |     9 |    13 ||    75
         Potion            |       |     1 |     1 |       |       |     3 |     2 |       |    11 ||    18
   Stab: Sleeping          |     2 |       |     1 |       |       |       |       |       |       ||     3
         Distracted        |       |       |     1 |       |       |       |     1 |     3 |     1 ||     6
         Paralysed         |       |       |       |    27 |       |       |       |     2 |       ||    29
         Held in net/web   |       |       |       |       |       |     1 |     1 |       |       ||     2
         Invisible         |       |       |       |       |       |       |     8 |       |       ||     8
 Armour: Robe              |    76 |    78 |       |       |       |       |       |       |       ||   154
         Skin              |       |    10 |     7 |       |       |       |       |       |       ||    17
         Troll leather arm |       |     2 |   194 |    63 |       |       |       |       |       ||   259
         Swamp dragon scal |       |       |       |   156 |   447 |   360 |   410 |   101 |       ||  1474
         Ice dragon scales |       |       |       |       |       |       |       |   384 |   566 ||   950
  Dodge: Dodged            |    77 |    66 |   117 |   135 |   264 |   242 |   321 |   454 |   618 ||  2294
         Repelled          |       |       |       |       |     5 |    27 |    10 |    37 |    43 ||   122
  Block: Other             |       |       |    39 |     8 |       |       |       |       |       ||    47
         Reflection        |       |       |     2 |    35 |    34 |   210 |   113 |    45 |    62 ||   501
         Kite shield       |       |       |       |   513 |  1487 |    21 |       |       |       ||  2021
         Tower shield      |       |       |       |       |       |  1621 |  1845 |  2029 |  2260 ||  7755

Table legend: (Time is in decaauts)
 A = Elapsed time spent in this place.
 B = Non-inter-level travel time spent in this place.
 C = Inter-level travel time spent in this place.
 D = Time resting spent in this place.
 E = Time spent auto-exploring this place.
 F = Levels seen in this place.
 G = Mean time per level.
                   A        B        C        D        E       F      G
               +--------+--------+--------+--------+--------+-----+--------+
         Total |  69139 |  63858 |   5281 |  15084 |  29359 |  53 | 1304.5 |
       Dungeon |  16973 |  14838 |   2135 |   1820 |   8488 |  15 | 1131.5 |
        Temple |     45 |      7 |     38 |      0 |      0 |   1 |   45.0 |
          Lair |   6896 |   6273 |    623 |   1004 |   3489 |   5 | 1379.2 |
        Shoals |   5628 |   5352 |    276 |   1217 |   2673 |   4 | 1407.0 |
     Snake Pit |   5308 |   5056 |    252 |    852 |   2929 |   4 | 1327.0 |
  Orcish Mines |   2432 |   1959 |    473 |    260 |   1030 |   2 | 1216.0 |
   Elven Halls |   4210 |   3748 |    462 |   1139 |   1566 |   3 | 1403.3 |
        Vaults |   9917 |   9355 |    562 |   2283 |   4249 |   5 | 1983.4 |
         Crypt |   4634 |   4453 |    181 |   1535 |   1736 |   3 | 1544.7 |
        Depths |   6855 |   6613 |    242 |   1677 |   2884 |   4 | 1713.8 |
           Zot |   4691 |   4658 |     33 |   2857 |      0 |   5 |  938.2 |
       Volcano |    491 |    491 |      0 |    142 |     53 |   1 |  491.0 |
        Wizlab |   1054 |   1054 |      0 |    295 |    262 |   1 | 1054.0 |
               +--------+--------+--------+--------+--------+-----+--------+

Top non-repeatable levels by time:
   Zot:5: 2982 daAuts
Vaults:5: 2433 daAuts
 Crypt:3: 2275 daAuts
Vaults:1: 2076 daAuts
 Snake:4: 2019 daAuts
Vaults:3: 1970 daAuts
  Lair:5: 1901 daAuts
   Elf:3: 1838 daAuts
Depths:1: 1804 daAuts
Vaults:2: 1795 daAuts
  Lair:3: 1744 daAuts
Depths:4: 1737 daAuts
Depths:2: 1698 daAuts
   Orc:2: 1687 daAuts
    D:12: 1660 daAuts
